 Dungeon Crawl Stone Soup version 0.26-a0-771-g060e6a6 (webtiles) character file.

Game seed: 8492792855615452374

23 MrTaco21 the Cudgeler (level 3, -1/23 HPs)
             Began as a Gargoyle Fighter on Nov 8, 2020.
             Slain by an orc wizard
             ... wielding a +0 dagger
              (3 damage)
             ... on level 2 of the Dungeon.
             The game lasted 00:00:54 (798 turns).

MrTaco21 the Cudgeler (Gargoyle Fighter)             Turns: 798, Time: 00:00:55

Health: -1/23      AC: 10    Str: 20    XL:     3   Next: 0%
Magic:  12/12      EV:  7    Int:  8    God:
Gold:   18         SH:  9    Dex:  9    Spells: 2/2 levels left

rFire    . . .     SeeInvis .   a - +0 flail
rCold    . . .     Faith    .   c - +0 kite shield
rNeg     + . .     Spirit   .   b - +0 scale mail
rPois    ∞         Reflect  .   (no helmet)
rElec    +         Harm     .   (no cloak)
rCorr    .         Rampage  .   (no gloves)
MR       .....                  (no boots)
Stlth    ..........             (no amulet)
HPRegen  0.07/turn              i - ring of magical power
MPRegen  0.13/turn              (no ring)

@: no status effects
A: negative energy resistance 1, electricity resistance, unbreathing,
petrification resistance, rot immunity, AC +3
a: no special abilities


You were on level 2 of the Dungeon.
You visited 1 branch of the dungeon, and saw 2 of its levels.

You collected 18 gold pieces.

Inventory:

Hand Weapons
 a - a +0 flail (weapon)
Missiles
 k - 7 poisoned darts (quivered)
Armour
 b - a +0 scale mail (worn)
 c - a +0 kite shield (worn)
Jewellery
 i - a ring of magical power (left hand)
   (You found it on level 1 of the Dungeon)
Scrolls
 f - 3 scrolls of identify {unknown}
 g - a scroll of amnesia {unknown}
 h - a scroll of fog {unknown}
 j - a scroll of enchant armour {unknown}
Potions
 d - a potion of might
 e - 2 potions of heal wounds {unknown}


   Skills:
 - Level 3.2 Fighting
 + Level 3.3 Maces & Flails
 - Level 3.2 Armour
 - Level 3.2 Shields


You had 2 spell levels left.
You didn't know any spells.
Your spell library was empty.

Dungeon Overview and Level Annotations

Branches:
Dungeon (2/15)

Altars:


Innate Abilities, Weirdness & Mutations

You are resistant to torment.
Your stone body is resilient. (AC +3)
You are immune to poison.
You resist negative energy. (rN+)
You are resistant to electric shocks. (rElec)
You can survive without breathing.
You are immune to petrification.
You are immune to rotting.


Message History

The orc shouts!
The orc wizard shouts!
The orc wizard mumbles some strange words.
The orc wizard seems to speed up.
An orc comes into view. It is wielding a +0 flail.
The orc moves out of view.
The orc shouts!
There are monsters nearby!
Your shield prevents you from hitting the orc.
The orc hits you but does no damage.
The orc wizard mumbles some strange words.
The orc wizard flickers and vanishes!
Deactivating autopickup; reactivate with Ctrl-A.
You hit the orc. The orc hits you but does no damage.
You hit the orc but do no damage. You block the orc's attack.
The orc wizard hits you with a +0 dagger.
You sock the orc!
You kill the orc!
You have reached level 3!
Your experience leads to an increase in your attributes!
Increase (S)trength, (I)ntelligence, or (D)exterity?
You feel stronger.
The orc wizard hits you but does no damage.
The orc wizard casts a spell at you. The puff of flame hits you!
You hit the orc. The orc wizard closely misses you.
The orc hits you with a +0 club.
* * * LOW HITPOINT WARNING * * *
The orc wizard points at you and mumbles some strange words.
The puff of flame hits you.
* * * LOW HITPOINT WARNING * * *
You closely miss something.
The orc wizard points at you and mumbles some strange words.
The magic dart hits you.
* * * LOW HITPOINT WARNING * * *
You block the orc wizard's attack. Something hits you but does no damage.
You miss something.
The orc wizard points at you and mumbles some strange words.
The magic dart hits you.
* * * LOW HITPOINT WARNING * * *
The orc priest mumbles some strange prayers to Beogh against you.
Something writhes in agony!
Something hits you.
* * * LOW HITPOINT WARNING * * *
The orc wizard hits you but does no damage.
The orc wizard casts a spell at you. The puff of frost hits you.
* * * LOW HITPOINT WARNING * * *
The orc wizard hits you with a +0 dagger.
You die...

####......#
.###.......#.#
....###.#†#.# ....#
#...#.# ...###..##.# .
#. #.......##.##....
##..!##o##..............
......o).####.##########
.......#.###@..###
.#...#.#.o.o.....## ..o.
..#.#........# ..o
..o#...........# ..
.o..#..........#.# .
.oo#.#.............
......#.#.......##.
#.##.....## #. .#....#


You could see an orc wizard (fast) and an orc.

Vanquished Creatures
  An orc (D:2)
  A bat (D:1)
  A giant cockroach (D:1)
  5 goblins (D:1)
  2 hobgoblins (D:1)
  4 jackals (D:1)
  2 frilled lizards
  2 kobolds
  A rat (D:1)
19 creatures vanquished.

Vanquished Creatures (others)
  A plant (D:1)
1 creature vanquished.

Grand Total: 20 creatures vanquished

Notes
Turn   | Place    | Note
-------+----------+-------------------------------------------
     0 | D:1      | MrTaco21 the Gargoyle Fighter began the quest for the Orb.
     0 | D:1      | Reached XP level 1. HP: 14/14 MP: 1/1
   124 | D:1      | Reached XP level 2. HP: 19/19 MP: 2/2
   791 | D:2      | Reached XP level 3. HP: 22/23 MP: 3/3
   798 | D:2      | Slain by an orc wizard

Illustrated notes

Levels and vault maps discovered:
D:1:      denvon_arrival_planthouse, layout_rooms
D:2:      cheibrodos_pilgrimage, layout_loops_cross,
          nemelex_diamond_rough_becter, uniq_robin

Skill      XL: |  1  2 |
---------------+-------+-----
Maces & Flails | 3 |  3.3
Fighting       | |  3.2
Armour         | |  3.2
Shields        | |  3.2

Action                   || total
-------------------------++-------
Melee: Flail             ||    54
Armor: Scale mail        ||    33
Dodge: Dodged            ||    21
Block: Kite shield       ||    27

Table legend: (Time is in decaauts)
 A = Elapsed time spent in this place.
 B = Non-inter-level travel time spent in this place.
 C = Inter-level travel time spent in this place.
 D = Time resting spent in this place.
 E = Time spent auto-exploring this place.
 F = Levels seen in this place.
 G = Mean time per level.
                   A        B        C        D        E       F      G
               +--------+--------+--------+--------+--------+-----+--------+
         Total |    815 |    771 |     44 |      0 |    642 |   2 |  407.5 |
       Dungeon |    815 |    771 |     44 |      0 |    642 |   2 |  407.5 |
               +--------+--------+--------+--------+--------+-----+--------+

Top non-repeatable levels by time:
     D:1: 771 daAuts
     D:2: 44 daAuts
